 Dungeon Crawl Stone Soup version 0.31-a0-4-gefa6de2278 (webtiles) character file.

Game seed: 14581830123974157322

500 Bnni the Cutter (level 7, -5/38 HPs)
             Began as a Vine Stalker Fighter on May 4, 2023.
             Slain by a gnoll
             ... wielding a +0 flail
             ... led by a gnoll sergeant
              (6 damage)
             ... on level 3 of the Dungeon.
             The game lasted 00:03:42 (2346 turns).

Bnni the Cutter (Vine Stalker Fighter)              Turns: 2346, Time: 00:03:42

Health: -5/38      AC:  7    Str: 21    XL:     7   Next: 16%
Magic:  0/8        EV:  9    Int:  8    God:
Gold:   205        SH:  5    Dex: 13    Spells: 6/6 levels left

rFire   . . .        q - +0 dagger (flame)
rCold   . . .        c - +0 buckler
rNeg    . . .        b - +0 scale mail
rPois   .            l - +0 helmet
rElec   .            (no cloak)
rCorr   .            (no gloves)
SInv    .            (no boots)
Will    .....        (no amulet) Stlth
                     (no ring)
HPRegen 1.06/turn    (no ring)
MPRegen 0.11/turn

%: guardian spirit
@: lethally poisoned (-5 -> -5)
A: fangs 2, regeneration 1, magic shield, antimagic bite, no potion heal 2
a: no special abilities


You were on level 3 of the Dungeon.
You visited 1 branch of the dungeon, and saw 4 of its levels.

You collected 205 gold pieces.

Inventory:

Hand Weapons
 q - a +0 dagger of flaming (weapon)
Missiles
 n - 7 boomerangs (quivered)
Armour
 b - a +0 scale mail (worn)
 c - a +0 buckler (worn)
 l - a +0 helmet (worn)
Scrolls
 f - a scroll of fog {unknown}
 h - 3 scrolls of identify {unknown}
 i - a scroll of summoning {unknown}
 j - a scroll of amnesia {unknown}
 k - a scroll of fear {unknown}
 p - a scroll of blinking {unknown}
 r - a scroll of teleportation {unknown}
 s - 2 scrolls of immolation
 u - a scroll of poison {unknown}
 v - a scroll of noise {unknown}
Potions
 a - a potion of magic {unknown}
 d - a potion of might
 e - a potion of flight {unknown}
 g - a potion of mutation {unknown}
 m - 2 potions of curing {unknown}
 o - a potion of attraction {unknown}
 t - a potion of haste {unknown}


   Skills:
 + Level 4.3 Fighting
 * Level 5.1 Short Blades
 - Level 2.4 Armour
 - Level 4.0 Shields


You had 6 spell levels left.
You didn't know any spells.
Your spell library contained the following spells:

 Spells                   Type           Power      Damage    Failure   Level
 Freeze                   Ice            0%         1d3       82%         1
 Ensorcelled Hibernation  Hex/Ice        0%         N/A       91%         2
 Frozen Ramparts          Ice            0%         1d1       99%         3
 Hailstorm                Conj/Ice       0%         3d3       99%         3
 Spider Form              Tmut/Pois      0%         N/A       99%         3
 Anguish                  Hex/Necr       0%         N/A       100%        4
 Iskenderun's Battlesphe  Conj           0%         2d6       100%        5
 Iron Shot                Conj/Erth      0%         9d1       100%        6
 Spellforged Servitor     Conj/Summ      0%         N/A       100%        7


Dungeon Overview and Level Annotations

Branches:
Dungeon (4/15)
 Temple: D:4-7

Altars:
Cheibriados
Zin


Innate Abilities, Weirdness & Mutations

You have extremely sharp teeth.
Your natural rate of healing is unusually fast.
When hurt, damage is shared between your health and your magic reserves.
Your bite disrupts and absorbs the magic of your enemies.
Potions cannot restore your health.


Message History

The gnoll sergeant is wielding a +0 spear of venom.
The gnoll sergeant shouts!
The gnoll shouts! x3
Found a flail.
You hit the gnoll. You burn the gnoll.
The gnoll is moderately wounded.
The gnoll hits you but does no damage.
The gnoll sergeant hits you from afar with a +0 spear of venom.
You are poisoned.
You hit the gnoll. You burn the gnoll.
The gnoll is severely wounded.
You feel very sick.
The gnoll sergeant hits you from afar with a +0 spear of venom.
You are more poisoned.
The gnoll hits you with a +0 flail! The gnoll attacks as you move away!
The gnoll hits you with a +0 flail.
You feel very sick.
You feel very sick.
There is a stone staircase leading up here.
You feel very sick.
You climb upwards.
You feel very sick.
There is a stone staircase leading down here.
You hit the gnoll but do no damage.
The gnoll is severely wounded.
You feel sick.
You completely miss the gnoll.
The gnoll is severely wounded.
You feel sick. The gnoll hits you but does no damage.
You hit the gnoll but do no damage. Your bite misses the gnoll.
The gnoll is severely wounded.
You feel sick. The gnoll barely misses you.
You feel sick.
You feel sick. The gnoll attacks as you move away!
The gnoll hits you with a +0 flail!
* * * LOW HITPOINT WARNING * * *
You feel sick.
You barely miss the gnoll.
The gnoll is severely wounded.
The gnoll hits you with a +0 flail!
You die...

.......'..........# #.# #.#
....####..........# #.# #.# ....#
#..........# #.# #.# ....#
#..........# #.# #.# ....#
#..........# #.# #.# ....#
#..........# #.###.#####
....#########.##### #.<.......#
............#.#######.###.###.#
............'>.g@.[.......# #.#
............#.#######.##### #.#
............#.# #.# #####.###
.###........#.#######.# #.......#
.# #........#.##...##.# #.###.#.#
.# #........#.##...##.###.#...#.#
.# #........#.##...##.#...#.###.#
.# #........#.##...##.....#.###.#
.###........#.##...####.#.#.....#


You could see a gnoll.

Vanquished Creatures
  The ghost of tish the Slasher, an amateur OpFi (D:3)
  A phantom (D:4)
  An orc priest (D:3)
  2 orc wizards (D:3)
  8 adders
  A dart slug (D:1)
  2 worms (D:3)
  10 orcs
  6 ball pythons
  8 endoplasms
  3 giant cockroaches
  4 goblins
  8 hobgoblins
  8 jackals
  2 quokkas
  6 bats
  3 frilled lizards
  A kobold (D:3)
  4 rats
79 creatures vanquished.

Notes
Turn   | Place    | Note
-------+----------+-------------------------------------------
     0 | D:1      | Bnni the Vine Stalker Fighter began the quest for the Orb.
     0 | D:1      | Reached XP level 1. HP: 11/11 MP: 2/2
   152 | D:1      | Reached skill level 2 in Short Blades
   171 | D:1      | Reached XP level 2. HP: 16/16 MP: 3/3
   640 | D:2      | Reached XP level 3. HP: 19/19 MP: 4/4
  1143 | D:2      | Found a faded altar of an unknown god.
  1292 | D:3      | Gained mutation: Your natural rate of healing is unusually
                  | fast. [Vine Stalker growth]
  1292 | D:3      | Reached XP level 4. HP: 9/24 MP: 3/5
  1330 | D:3      | Reached skill level 3 in Short Blades
  1401 | D:3      | Reached XP level 5. HP: 9/28 MP: 2/6
  1878 | D:3      | Found a runed translucent door.
  1884 | D:3      | Noticed tish's ghost (amateur OpFi)
  1911 | D:3      | Killed tish's ghost
  1912 | D:3      | Reached skill level 4 in Short Blades
  1912 | D:3      | Reached XP level 6. HP: 21/33 MP: 4/7
  2110 | D:4      | Reached skill level 5 in Short Blades
  2110 | D:4      | Reached XP level 7. HP: 38/38 MP: 8/8
  2144 | D:4      | Found a snail-covered altar of Cheibriados.
  2163 | D:4      | Found a glowing silver altar of Zin.
  2345 | D:3      | HP: 1/38 [gnoll/+0 flail[a gnoll sergeant] (5)]
  2346 | D:3      | Slain by a gnoll

Illustrated notes

Levels and vault maps discovered:
D:1:      psy_arrival_radial02, layout_basic
D:2:      layout_basic, shapermc_ecumenical_altar_petra
D:3:      layout_basic, ebering_ghost_inner_flame
D:4:      layout_rooms, mainiacjoe_overflow_catwalk_spiral,
          hangedman_decor_push, lightli_minifort

Skill      XL: |  1  2  3  4  5  6 |
---------------+-------------------+-----
Short Blades   | 2 3 4 5 |  5.1
Shields        | 3 4 |  4.0
Fighting       | 3 4 |  4.3
Armour         | |  2.4

Action                     |  1- 3 |  4- 6 |  7- 9 || total
---------------------------+-------+-------+-------++-------
  Melee: Rapier            |   115 |    59 |       ||   174
         Bite              |    20 |    40 |     4 ||    64
         Dagger            |       |   119 |    13 ||   132
    Use: Potion            |       |     1 |       ||     1
 Armour: Scale mail        |    46 |    59 |     4 ||   109
  Dodge: Dodged            |    38 |    47 |     6 ||    91
  Block: Buckler           |    27 |    29 |       ||    56

Table legend: (Time is in decaauts)
 A = Elapsed time spent in this place.
 B = Non-inter-level travel time spent in this place.
 C = Inter-level travel time spent in this place.
 D = Time resting spent in this place.
 E = Time spent auto-exploring this place.
 F = Levels seen in this place.
 G = Mean time per level.
                   A        B        C        D        E       F      G
               +--------+--------+--------+--------+--------+-----+--------+
         Total |   2348 |   2275 |     73 |      0 |   1677 |   4 |  587.0 |
       Dungeon |   2348 |   2275 |     73 |      0 |   1677 |   4 |  587.0 |
               +--------+--------+--------+--------+--------+-----+--------+

Top non-repeatable levels by time:
     D:3: 788 daAuts
     D:1: 620 daAuts
     D:2: 598 daAuts
     D:4: 341 daAuts
